Map: Ever Dream LE

Players

Future

  • Race: Terran Terran
  • Spawn Location: 1:00

Reynor - Winner!

  • Race: Zerg Zerg
  • Spawn Location: 7:00

Event: Shopify TSL 5

VOD

Have the link to the VOD?

Description

Time

  • Played on: May 16, 2020, 2:20 p.m.
  • Length: 12:16
Show
View Real Time Build Order
Export as new Build Order

Future Terran 

Build Orders: Reaper Expand 

Get SALT Encoding   

  12  0:00  SCV  
  13  0:12  SCV  
  14  0:17  Supply Depot  
  14  0:24  SCV  
  15  0:39  SCV  
  15  0:40  Barracks  
  16  0:44  Refinery  
  16  0:51  SCV  
  17  1:03  SCV  
  18  1:15  SCV  
  19  1:28  Orbital Command, Reaper  
  20  1:39  Command Center  
  20  1:48  Supply Depot  
  20  1:53  SCV  
  21  1:59  Marine  
  22  2:05  SCV  
  22  2:07  Factory  
  23  2:15  Refinery  
  23  2:17  SCV  
  25  2:28  Barracks Reactor  
  25  2:29  SCV  
  25  2:42  SCV  
  26  2:52  Starport, Orbital Command  
  26  2:54  SCV  
  27  3:06  SCV  
  27  3:08  Hellion x2  
  27  3:10  Barracks Tech Lab  
  32  3:18  SCV  
  32  3:19  SCV  
  34  3:29  Hellion x2  
  34  3:30  SCV, Viking  
  34  3:31  SCV  
  34  3:32  Stimpack  
  34  3:33  Supply Depot  
  42  3:42  SCV  
  42  3:43  SCV  
  44  3:54  SCV  
  45  3:55  SCV  
  45  4:00  Command Center  
  46  4:06  SCV  
  46  4:08  SCV  
  46  4:09  Barracks  
  48  4:12  Factory Reactor  
  48  4:18  SCV  
  48  4:20  SCV, Supply Depot  
  48  4:22  Engineering Bay  
  48  4:23  Engineering Bay  
  50  4:27  Barracks  
  50  4:30  SCV  
  51  4:32  SCV, Marine  
  51  4:36  Refinery  
  51  4:37  Refinery  
  52  4:40  Starport Tech Lab  
  52  4:43  SCV  
  52  4:44  SCV  
  52  4:45  Supply Depot  
  54  4:52  Terran Infantry Armor Level 1, Terran Infantry Weapons Level 1  
  54  4:55  SCV  
  54  4:56  SCV  
  56  5:07  SCV, Siege Tank  
  56  5:08  SCV, Marine x2  
  56  5:10  Starport Reactor  
  56  5:11  Marine  
  56  5:13  Orbital Command  
  64  5:15  Marine x2  
  64  5:17  Combat Shield  
  64  5:19  SCV  
  67  5:21  SCV  
  68  5:32  SCV  
  68  5:33  SCV, Marine x4  
  68  5:34  Marine  
  73  5:37  Supply Depot  
  73  5:39  Siege Tank  
  76  5:45  SCV  
  76  5:46  SCV  
  76  5:47  Medivac x2  
  76  5:48  Orbital Command  
  82  5:51  Marine x3  
  82  5:54  Supply Depot  
  82  5:56  Supply Depot  
  85  5:58  SCV x2, Marine x2  
  89  6:10  Marine x3  
  89  6:11  SCV  
  93  6:15  SCV, Siege Tank  
  93  6:16  SCV  
  98  6:22  Marine x2  
  98  6:23  SCV  
  101  6:28  SCV  
  101  6:31  Supply Depot  
  101  6:32  Supply Depot  
  102  6:33  SCV, Armory, Supply Depot  
  102  6:35  SCV  
  102  6:36  Marine  
  105  6:41  SCV, Marine x2  
  105  6:42  Marine  
  105  6:46  Marine  
  109  6:49  SCV x2  
  109  6:53  Siege Tank  
  111  6:54  Marine  
  111  6:56  SCV  
  111  6:59  Marine  
  114  7:03  Barracks  
  107  7:08  Marine x2  
  107  7:09  Marine  
  107  7:15  Barracks x2  
  110  7:16  Barracks  
  110  7:18  Marine  
  110  7:19  Marine  
  93  7:25  Siege Tank  
  93  7:26  Marine x3  
  93  7:29  Medivac x2  
  102  7:35  Terran Infantry Weapons Level 2  
  102  7:36  Terran Infantry Armor Level 2, Marine  
  103  7:39  Barracks  
  103  7:44  Marine x2  
  103  7:46  Marine  
  103  7:49  Refinery  
  106  7:52  Barracks Reactor  
  106  7:56  Marine  
  106  7:57  Siege Tank  
  111  7:59  Medivac x2  
  115  8:05  Supply Depot  
  115  8:06  Marine x3, Supply Depot x2  
  115  8:10  Barracks Reactor x3  
  117  8:13  Marine  
  117  8:15  Marine  
  118  8:24  Marine x3  
  121  8:27  Marine  
  121  8:28  Marine  
  121  8:29  Siege Tank, Medivac x2  
  121  8:30  Barracks Reactor  
  121  8:31  Marine  
  121  8:33  Marine  
  129  8:42  Marine x3  
  129  8:45  Marine x4  
  129  8:47  Marine x4  
  140  8:49  Marine  
  140  8:50  Marine  
  140  8:55  Supply Depot x2  
  142  9:00  Marine x3  
  142  9:01  Siege Tank  
  148  9:03  Marine x4  
  148  9:05  Marine x4  
  148  9:07  Marine x2  
  148  9:09  Marine x2  
  156  9:17  Marine  
  157  9:27  Supply Depot  
  157  9:28  Supply Depot  
  157  9:29  Supply Depot  
  157  9:31  Supply Depot  
  157  9:32  Supply Depot  
  152  9:43  Marine  
  152  9:44  Marine  
  152  9:45  Marine x5  
  149  9:46  Siege Tank  
  149  9:51  Marine  
  149  9:52  Marine  
  130  9:54  Marine  
  124  10:01  Marine  
  124  10:02  Marine  
  124  10:03  Marine x3  
  124  10:04  Marine  
  124  10:06  Marine x3  
  124  10:07  Marine x2  
  118  10:14  Medivac  
  122  10:18  Siege Tank  
  125  10:23  Marine x2  
  125  10:24  Marine  
  125  10:25  Marine  
  119  10:32  Marine  
  119  10:33  Marine x2  
  115  10:38  Marine  
  115  10:42  Marine x5  
  91  10:44  Marine  
  91  10:45  Marine  
  91  10:47  Marine  
  87  10:56  Siege Tank  
  87  10:57  Marine  
  87  10:58  Marine  
  87  11:01  Marine  
  90  11:07  Marine  
  90  11:08  Marine  
  90  11:09  Marine x2  
  93  11:12  Marine  
  93  11:19  Marine x3  
  95  11:31  Marine x4  
  92  11:35  Marine  
  92  11:36  Marine x2  
  82  11:40  Marine x2  
  82  11:43  Marine  
  85  11:47  Marine  
  85  11:48  Marine  
Show
View Real Time Build Order
Export as new Build Order

Reynor Zerg - Winner!

Build Orders: Hatch First 

Get SALT Encoding   

  12  0:01  Drone  
  13  0:12  Overlord  
  13  0:16  Drone  
  14  0:30  Drone  
  14  0:31  Drone  
  16  0:49  Hatchery  
  15  0:50  Drone  
  15  0:55  Drone  
  17  0:58  Drone  
  18  1:09  Extractor  
  17  1:15  Spawning Pool  
  17  1:18  Drone  
  17  1:20  Drone  
  18  1:28  Drone  
  19  1:39  Drone  
  20  1:49  Overlord  
  20  2:01  Queen x2  
  20  2:02  Zergling x4  
  26  2:11  Drone  
  26  2:12  Drone  
  28  2:21  Drone  
  29  2:23  Drone  
  30  2:31  Hatchery  
  30  2:33  Drone  
  30  2:35  Drone  
  31  2:43  Queen  
  33  2:47  Metabolic Boost  
  33  2:52  Overlord  
  33  2:54  Drone  
  33  2:57  Drone  
  35  3:00  Drone  
  36  3:11  Overlord  
  36  3:12  Drone x4  
  40  3:20  Queen  
  40  3:23  Zergling x4  
  44  3:28  Overlord  
  44  3:31  Drone  
  44  3:32  Queen  
  47  3:37  Drone  
  48  3:42  Baneling Nest  
  48  3:43  Drone x2  
  48  3:44  Drone  
  48  3:46  Drone  
  51  3:49  Drone x2  
  51  3:53  Drone x2  
  55  3:56  Drone  
  55  3:59  Zergling x4  
  58  4:05  Queen  
  58  4:06  Zergling x4  
  58  4:09  Overlord  
  62  4:24  Lair  
  62  4:25  Extractor  
  62  4:26  Overlord  
  62  4:30  Drone x6  
  66  4:34  Drone  
  66  4:37  Overlord  
  65  4:45  Drone x3  
  68  4:47  Zergling x2  
  68  4:48  Zergling x2  
  68  4:49  Drone x2  
  68  4:51  Drone  
  73  4:54  Overlord, Hatchery  
  73  4:56  Drone x3  
  75  5:00  Overlord  
  75  5:03  Spore Crawler  
  75  5:05  Overlord  
  74  5:10  Overlord  
  74  5:12  Drone x4  
  74  5:13  Drone  
  79  5:17  Evolution Chamber  
  79  5:19  Evolution Chamber  
  77  5:22  Zergling x4  
  77  5:28  Overlord  
  79  5:29  Drone x5  
  79  5:32  Drone x2  
  79  5:34  Extractor, Centrifical Hooks  
  79  5:35  Extractor  
  83  5:42  Zergling x10  
  88  5:44  Zerg Ground Armor Level 1  
  88  5:46  Zergling x2  
  89  5:50  Drone  
  89  5:52  Zergling x2  
  89  5:54  Drone  
  92  5:57  Zerg Melee Weapons Level 1  
  92  5:58  Hatchery  
  92  6:02  Zergling x4  
  93  6:05  Zergling x8  
  93  6:06  Zergling x4  
  93  6:07  Zergling x2  
  93  6:09  Drone  
  101  6:12  Zergling x2  
  101  6:14  Drone  
  101  6:17  Drone  
  104  6:21  Zergling x8  
  104  6:24  Overlord  
  104  6:25  Drone  
  109  6:26  Baneling x4  
  109  6:27  Baneling x2  
  109  6:29  Zergling x4  
  111  6:33  Zergling x6, Baneling x5  
  111  6:37  Zergling x2  
  111  6:38  Baneling  
  111  6:39  Drone, Baneling x2  
  117  6:40  Drone, Overlord  
  117  6:42  Zergling x10  
  122  6:49  Zergling x4  
  122  6:51  Baneling  
  122  6:52  Baneling x4  
  123  6:55  Queen  
  123  6:58  Zergling x2  
  123  6:59  Zergling x10  
  129  7:06  Zergling x8  
  129  7:07  Zergling x4  
  129  7:13  Zergling x10  
  130  7:18  Zergling x6  
  119  7:25  Drone x5  
  119  7:27  Zergling x2  
  122  7:33  Baneling x4  
  122  7:34  Drone  
  122  7:35  Drone x3  
  125  7:38  Zerg Ground Armor Level 2  
  125  7:41  Hatchery  
  125  7:42  Zergling x12  
  127  7:48  Drone x2  
  127  7:50  Zergling x10  
  127  7:51  Zergling x2  
  133  7:52  Zergling x2  
  133  7:53  Zergling x2  
  133  7:54  Zerg Melee Weapons Level 2  
  133  7:56  Baneling x6, Hatchery  
  133  7:58  Zergling x2  
  135  7:59  Infestation Pit  
  135  8:00  Zergling x6  
  135  8:03  Zergling x2  
  135  8:04  Pneumatized Carapace  
  135  8:05  Zergling x2  
  139  8:06  Baneling x4  
  139  8:11  Zergling x6  
  139  8:12  Extractor, Zergling x6  
  141  8:14  Zergling x2  
  141  8:17  Baneling  
  141  8:18  Baneling x4  
  142  8:20  Overlord  
  142  8:26  Spore Crawler  
  138  8:27  Zergling x2  
  138  8:28  Zergling x4  
  138  8:29  Overseer  
  138  8:30  Overlord  
  141  8:36  Zergling x4  
  141  8:40  Drone  
  141  8:41  Drone x9  
  150  8:42  Overlord  
  150  8:49  Drone  
  150  8:50  Hive, Overlord  
  150  8:58  Zergling x24  
  161  9:04  Baneling  
  161  9:05  Baneling x12  
  161  9:06  Zergling x6  
  161  9:08  Zergling x6  
  161  9:09  Zergling x4  
  170  9:10  Zergling x2  
  170  9:11  Zergling x6  
  170  9:16  Baneling x6  
  170  9:17  Zergling x8, Baneling  
  174  9:20  Zergling x2  
  174  9:21  Zergling x10  
  184  9:24  Baneling x5  
  184  9:29  Zergling x6  
  181  9:33  Zergling x2  
  181  9:34  Overlord  
  181  9:35  Overlord  
  181  9:36  Overlord  
  173  9:38  Zergling x10  
  173  9:41  Zergling x2  
  173  9:45  Zergling x6  
  175  9:51  Queen, Zergling x6  
  159  9:53  Zergling x2  
  159  9:57  Zergling x6  
  141  10:01  Zergling x8  
  141  10:02  Zergling x8  
  141  10:05  Zergling x8  
  130  10:07  Baneling x6  
  130  10:08  Baneling x3  
  130  10:09  Baneling x3  
  130  10:17  Spawning Pool  
  130  10:18  Drone x2  
  130  10:19  Drone x5  
  115  10:35  Ultralisk Cavern  
  112  10:36  Hatchery  
  91  10:59  Baneling x7  
  91  11:04  Zergling x46  
  102  11:05  Queen x3  
  102  11:07  Queen  
  102  11:09  Zergling x4  
  102  11:11  Zergling x2  
  119  11:12  Queen  
  119  11:14  Zergling x2  
  119  11:15  Zergling x2  
  119  11:16  Zergling x6  
  117  11:28  Zergling x18  
  117  11:32  Zergling x2  
  125  11:36  Zergling x2  
  125  11:39  Drone x3  
  121  11:42  Extractor  
  121  11:43  Zergling x4  
  126  11:47  Zergling x2  
  126  11:49  Zergling x6, Hatchery  
  126  11:51  Zergling x6  
  138  11:56  Zergling x2  
Tags
 
Add a new tag
Caveats
  • Supply blocks, unpowered buildings, or Contaminate may cause inaccurate times.
  • Supply counts are checked every 10 seconds.